Map: Acropolis LE

Players

sketch

  • Race: Zerg Zerg
  • League: Platinum
  • Spawn Location: 5:00

FLORENCIO - Winner!

  • Race: Terran Terran
  • League: Master
  • Spawn Location: 11:00

VOD

Have the link to the VOD?

Description

Time

  • Played on: July 17, 2019, 2:13 p.m.
  • Length: 16:44
Show
View Real Time Build Order
Export as new Build Order

sketch Zerg 

Build Orders: Hatch First 

Get SALT Encoding   

  12  0:00  Drone  
  13  0:12  Overlord  
  13  0:18  Drone  
  14  0:31  Drone x2  
  16  0:51  Drone, Hatchery  
  16  0:57  Drone  
  17  1:05  Extractor  
  17  1:07  Drone  
  17  1:10  Drone  
  18  1:18  Spawning Pool  
  18  1:22  Drone  
  18  1:28  Drone  
  20  1:40  Drone  
  20  2:06  Queen x2  
  24  2:19  Hatchery  
  24  2:22  Drone x2  
  25  2:24  Overlord  
  25  2:27  Drone x2  
  27  2:37  Metabolic Boost  
  27  2:48  Drone  
  27  2:49  Drone x4  
  32  2:53  Queen  
  34  3:13  Drone, Overlord  
  34  3:16  Overlord  
  35  3:20  Drone  
  36  3:34  Drone  
  36  3:35  Drone x7  
  44  3:43  Baneling Nest  
  44  3:47  Overlord  
  43  3:59  Extractor  
  43  4:00  Extractor  
  43  4:01  Lair  
  41  4:03  Zergling x6  
  41  4:06  Drone x7  
  51  4:10  Queen  
  53  4:28  Drone x3  
  53  4:29  Drone x3  
  59  4:34  Extractor  
  59  4:38  Overlord x2  
  58  4:56  Spore Crawler  
  57  5:04  Spore Crawler  
  57  5:05  Roach Warren  
  55  5:14  Zergling x2  
  55  5:15  Zergling x4  
  58  5:24  Drone x2  
  58  5:25  Drone x2  
  58  5:27  Spore Crawler  
  61  5:35  Centrifical Hooks  
  61  5:41  Drone x4  
  65  5:44  Evolution Chamber, Drone  
  65  5:45  Drone x9  
  65  5:46  Evolution Chamber  
  73  5:57  Overlord x2  
  73  6:08  Queen  
  73  6:14  Spore Crawler, Queen x2  
  76  6:24  Zerg Missile Weapons Level 1, Zerg Ground Armor Level 1  
  76  6:25  Glial Reconstitution  
  76  6:31  Overlord, Spore Crawler  
  76  6:32  Overlord  
  74  6:51  Spore Crawler  
  71  6:55  Spore Crawler  
  64  7:06  Spore Crawler  
  64  7:07  Queen x3  
  57  7:18  Roach  
  57  7:19  Roach x21  
  101  7:29  Drone  
  102  7:30  Drone x4  
  102  7:35  Spore Crawler  
  98  7:52  Queen x3  
  82  8:19  Ravager x10  
  82  8:26  Drone x14  
  95  8:28  Queen  
  65  8:57  Roach  
  65  8:58  Roach x10  
  87  9:04  Spore Crawler, Queen x3  
  87  9:05  Spore Crawler  
  91  9:19  Ravager x2  
  91  9:20  Ravager  
  92  9:39  Zerg Missile Weapons Level 2  
  92  9:41  Spore Crawler  
  86  9:47  Ravager x7  
  86  9:48  Roach  
  86  9:49  Roach x4  
  103  10:01  Queen  
  103  10:03  Queen  
  105  10:08  Queen  
  105  10:16  Ravager x2  
  105  10:21  Extractor  
  100  10:22  Extractor  
  100  10:27  Drone x3  
  102  10:34  Ravager x2  
  104  10:38  Overlord x4  
  92  10:57  Zergling x14  
  92  10:58  Zergling x18  
  98  11:16  Ravager  
  99  11:32  Drone  
  100  11:33  Drone x10  
  100  11:36  Spore Crawler  
  109  11:43  Baneling  
  109  11:44  Baneling x17  
  109  11:49  Spore Crawler  
  103  12:06  Spore Crawler  
  93  12:36  Hatchery  
  51  12:47  Roach  
  51  12:48  Roach x6  
  59  13:07  Roach  
  43  13:25  Drone x2  
  45  13:27  Drone x2  
  45  13:28  Drone x4  
  35  13:51  Drone  
  35  13:55  Hatchery  
  33  14:05  Hatchery  
  31  14:44  Hatchery  
  24  15:37  Drone x2  
  26  15:59  Drone  
Show
View Real Time Build Order
Export as new Build Order

FLORENCIO Terran - Winner!

Build Orders:  

Get SALT Encoding   

  12  0:06  SCV  
  13  0:18  SCV  
  14  0:27  Supply Depot  
  14  0:30  SCV  
  15  0:42  Refinery  
  15  0:48  SCV  
  16  0:52  Barracks  
  16  1:01  SCV  
  17  1:13  SCV  
  18  1:25  SCV  
  19  1:37  SCV  
  20  1:40  Command Center  
  20  1:48  Factory  
  20  1:50  Marine  
  21  1:54  SCV  
  22  2:05  Refinery  
  22  2:06  SCV  
  23  2:26  Supply Depot  
  23  2:41  Starport  
  23  2:48  Marine  
  24  2:52  SCV  
  24  2:58  Command Center  
  25  3:08  Starport  
  25  3:31  Fusion Core  
  25  3:35  SCV  
  25  3:37  SCV  
  27  3:47  Starport Tech Lab, Refinery  
  27  3:48  SCV  
  28  3:49  SCV  
  29  3:55  Refinery  
  29  4:12  Refinery  
  29  4:13  SCV, Refinery  
  30  4:25  SCV  
  30  4:29  Battlecruiser  
  37  4:32  Liberator  
  37  4:39  Engineering Bay  
  37  4:40  SCV  
  41  4:57  Hellion  
  42  5:38  Battlecruiser  
  42  5:40  SCV  
  42  5:42  Planetary Fortress  
  50  5:58  Supply Depot  
  50  6:02  Planetary Fortress  
  50  6:04  Supply Depot  
  49  6:31  Planetary Fortress  
  49  6:34  Starport Tech Lab  
  49  7:14  SCV  
  50  7:17  Battlecruiser  
  50  7:19  Factory  
  56  7:26  SCV  
  56  7:27  SCV  
  58  7:35  Missile Turret  
  58  7:38  SCV  
  58  7:39  SCV  
  60  7:50  SCV  
  60  7:51  SCV  
  59  8:02  SCV  
  59  8:03  SCV  
  55  8:14  SCV  
  55  8:15  SCV  
  55  8:26  SCV  
  56  8:31  Battlecruiser  
  56  8:55  Hellion  
  58  9:17  Hellion  
  51  9:35  Battlecruiser  
  51  9:38  Hellion  
  59  9:40  SCV  
  59  9:43  Battlecruiser  
  62  9:46  Factory  
  62  10:49  SCV  
  61  10:50  Command Center  
  61  11:01  SCV  
  62  11:31  SCV  
  62  11:37  Command Center  
  62  11:40  Command Center  
  62  11:51  Factory Tech Lab  
  62  12:13  SCV  
  59  12:26  SCV  
  54  12:39  Battlecruiser  
  40  12:49  Hellion  
  42  12:57  Supply Depot  
  39  13:10  Hellion  
  39  13:31  Hellion  
  41  14:38  SCV  
  41  14:39  SCV  
  43  14:45  Factory Reactor  
  43  14:51  SCV x2  
  43  14:52  SCV  
  46  15:03  SCV  
  46  15:04  SCV  
  49  15:07  Planetary Fortress  
  48  15:15  SCV  
  48  15:17  SCV  
  48  15:19  Command Center  
  50  15:27  SCV  
  51  15:29  SCV  
  52  15:39  SCV  
  52  15:41  SCV  
Tags
 
Add a new tag
Caveats
  • Supply blocks, unpowered buildings, or Contaminate may cause inaccurate times.
  • Supply counts are checked every 10 seconds.